 Dungeon Crawl Stone Soup version 0.22-a0-525-gf69a080 (webtiles) character file.

34 inc the Skirmisher (level 3, -3/34 HPs)
             Began as a Naga Fighter on June 20, 2018.
             Killed from afar by Natasha (7 damage)
             ... with a magic dart
             ... on level 2 of the Dungeon.
             The game lasted 00:01:01 (924 turns).

inc the Skirmisher (Naga Fighter)                    Turns: 924, Time: 00:01:03

Health: -3/34      AC:  4    Str: 19    XL:     3   Next: 31%
Magic:  3/3        EV:  6    Int:  8    God:
Gold:   30         SH:  9    Dex: 10    Spells: 2/2 levels left

rFire    . . .     SeeInvis +   a - +0 flail
rCold    . . .     Gourm    .   c - +0 shield
rNeg     . . .     Faith    .   h - +0 ring mail
rPois    +         Spirit   .   (no helmet)
rElec    .         Reflect  .   (no cloak)
rCorr    .         Harm     .   (no gloves)
MR       .....                  (no barding)
Stlth    ..........             (no amulet)
HPRegen  0.11/turn              (no ring)
MPRegen  0.08/turn              (no ring)

@: slowed, very slow
A: large, see invisible, deformed body, poison resistance, slowness 2, slow
metabolism 1, spit poison 1, AC +1
a: Spit Poison


You were on level 2 of the Dungeon.
You were not hungry.

You visited 1 branch of the dungeon, and saw 2 of its levels.

You collected 30 gold pieces.

Inventory:

Hand Weapons
 a - a +0 flail (weapon)
Armour
 b - a +0 scale mail
 c - a +0 shield (worn)
 h - a +0 ring mail (worn)
Scrolls
 g - 2 scrolls of teleportation {unknown}
 j - a scroll of immolation {unknown}
Potions
 d - a potion of might
 e - a potion of cancellation {unknown}
 i - a potion of heal wounds {unknown}
 k - a potion of agility {unknown}
 l - 2 potions of invisibility {unknown}
Comestibles
 f - 3 rations


   Skills:
 - Level 3.0 Fighting
 + Level 2.9 Maces & Flails
 - Level 2.4 Armour
 + Level 3.0 Shields


You had 2 spell levels left.
You didn't know any spells.
Your spell library was empty.

Dungeon Overview and Level Annotations

Branches:
Dungeon (1/15)

Altars:

Annotations:
D:2 Natasha


Innate Abilities, Weirdness & Mutations

You cannot wear boots.
Your serpentine skin is tough. (AC +1)
You have supernaturally acute eyesight. (SInv)
Armour fits poorly on your strangely shaped body.
Your system is resistant to poisons. (rPois)
You cover ground very slowly.
You have a slow metabolism.
You can spit poison.


Message History

You feel yourself slow down.
You barely miss Natasha.
Natasha is heavily wounded.
You have got your breath back.
Natasha claws you! You block Natasha's attack.
You miss Natasha.
Natasha is heavily wounded.
You block Natasha's attack. Natasha claws you.
Your shield and ring mail prevent you from hitting Natasha.
Natasha is severely wounded.
Natasha looks more healthy.
Natasha claws you but does no damage. Natasha claws you.
You barely miss Natasha.
Natasha is almost dead.
Natasha stares at you and mumbles some strange words.
The magic dart hits you!
* * * LOW HITPOINT WARNING * * *
Natasha casts a spell at you. The magic dart hits you!
You die...

#.# #.# ###...### #.#
#.######.......#
#.#####...†..........#
#.##.................
#.##...............#
#.##..#########....#
#.##..# #.# #.##.)#
#h# #.##..# #@#
##.##..# #.# ...##..#
#># #####..# #.#
#####..# #.# .......#
#.# ######.# #.# #.#
#.#
#.#########.#########


You could see Natasha.

Vanquished Creatures
  An adder (D:2)
  An ooze (D:2)
  A worm (D:2)
  A leopard gecko (D:2)
  A giant cockroach (D:2)
  6 goblins
  A hobgoblin (D:2)
  A quokka (D:2)
  2 kobolds
  2 rats (D:2)
17 creatures vanquished.

Notes
Turn   | Place    | Note
-------+----------+-------------------------------------------
     0 | D:1      | inc the Naga Fighter began the quest for the Orb.
     0 | D:1      | Reached XP level 1. HP: 21/21 MP: 1/1
   202 | D:1      | You fall through a shaft!
   253 | D:2      | Reached XP level 2. HP: 25/28 MP: 2/2
   552 | D:2      | Reached XP level 3. HP: 28/34 MP: 3/3
   914 | D:2      | Noticed Natasha
   924 | D:2      | Killed from afar by Natasha

Vault maps used:
D:1:      lightli_arrival_boilingwater
D:2:      uniq_natasha

Skill      XL: |  1  2 |
---------------+-------+-----
Shields        | 3 |  3.0
Fighting       | |  3.0
Maces & Flails | |  2.9
Armour         | |  2.4

Action                   || total
-------------------------++-------
Melee: Flail             ||    57
 Abil: Spit Poison       ||     2
Armor: Scale mail        ||     3
       Ring mail         ||     8
Dodge: Dodged            ||     7
Block: Shield            ||    33

Table legend:
 A = Spawn XP
 B = Non-spawn XP
 C = Spawn XP percentage of total XP
 D = Spawn monster count
 E = Non-spawn monster count
 F = Spawn count percentage of total count
 G = Total turns spent on level
                    A         B        C        D         E        F      G
               +---------+---------+-------+---------+---------+-------+---------
         Total |       0 |      49 |   0.0 |       0 |      17 |   0.0 |   924
               +---------+---------+-------+---------+---------+-------+---------
           D:1 |       0 |       5 |   0.0 |       0 |       3 |   0.0 |   202
           D:2 |       0 |      44 |   0.0 |       0 |      14 |   0.0 |   722
               +---------+---------+-------+---------+---------+-------+---------
